Map: [ESL] Goldenaura

Players

Silky

  • Race: Zerg Zerg
  • Spawn Location: 5:00

ShaDoWn - Winner!

  • Race: Protoss Protoss
  • Spawn Location: 12:00

Event: ESL SC2 Masters 2023 Winter (Finals)

VOD

Have the link to the VOD?

Description

Time

  • Played on: Dec. 15, 2023, 3:23 p.m.
  • Length: 21:50

All games in this series

Show
View Real Time Build Order
Export as new Build Order

Silky Zerg 

Build Orders: Hatch First 

Get SALT Encoding   

  12  0:00  Drone  
  13  0:12  Overlord  
  13  0:16  Drone  
  14  0:31  Drone x2  
  16  0:49  Hatchery  
  15  0:52  Drone  
  15  0:55  Drone  
  17  0:59  Drone  
  18  1:08  Extractor  
  17  1:14  Spawning Pool  
  17  1:17  Drone  
  17  1:20  Drone  
  18  1:28  Drone  
  19  1:39  Drone  
  20  1:49  Overlord  
  20  2:01  Queen x2  
  20  2:02  Zergling x2, Drone  
  26  2:11  Zergling x2  
  26  2:12  Drone  
  26  2:13  Metabolic Boost  
  28  2:22  Drone  
  29  2:23  Drone  
  30  2:35  Hatchery  
  29  2:42  Queen  
  31  2:45  Zergling x2  
  31  2:47  Zergling x2  
  31  2:51  Overlord  
  33  2:52  Drone  
  33  2:55  Zergling x2  
  33  2:57  Drone  
  36  3:06  Overlord  
  36  3:10  Queen  
  36  3:11  Drone  
  39  3:13  Drone  
  39  3:15  Drone  
  39  3:18  Drone  
  42  3:20  Drone  
  42  3:32  Drone  
  42  3:33  Drone x3  
  43  3:39  Queen  
  45  3:43  Drone x2  
  45  3:45  Spore Crawler  
  46  3:49  Drone x2  
  46  3:50  Drone  
  49  3:58  Queen  
  49  4:00  Drone x2  
  51  4:03  Drone  
  51  4:07  Queen  
  54  4:12  Drone  
  54  4:16  Overlord  
  54  4:19  Drone x2  
  54  4:20  Spore Crawler  
  55  4:24  Zergling x4  
  55  4:26  Overlord  
  55  4:28  Zergling x2, Extractor  
  55  4:31  Spore Crawler  
  56  4:32  Zergling x2  
  56  4:38  Drone x4  
  59  4:42  Drone x3  
  59  4:45  Overlord  
  64  4:54  Spore Crawler x2  
  61  5:00  Drone x3  
  61  5:01  Drone x2  
  61  5:05  Drone x3  
  68  5:09  Drone  
  68  5:11  Drone  
  68  5:13  Drone  
  69  5:16  Drone x3  
  72  5:25  Zergling x2  
  72  5:27  Hatchery  
  72  5:29  Overlord  
  72  5:31  Lair  
  72  5:34  Roach Warren  
  71  5:41  Extractor  
  71  5:42  Evolution Chamber  
  69  5:43  Extractor  
  69  5:48  Drone x12  
  80  5:59  Drone, Spore Crawler  
  79  6:04  Overlord  
  79  6:06  Overlord  
  79  6:11  Zerg Missile Weapons Level 1  
  79  6:12  Zergling x6, Extractor  
  79  6:13  Overlord  
  79  6:15  Overlord  
  81  6:20  Overlord x2  
  81  6:21  Overlord  
  81  6:22  Hatchery  
  81  6:23  Zergling x2  
  81  6:24  Zergling x10  
  86  6:29  Glial Reconstitution  
  86  6:32  Drone  
  87  6:33  Drone x2  
  87  6:37  Drone x2  
  91  6:42  Drone  
  91  6:43  Drone  
  93  6:48  Overlord  
  93  6:51  Drone x2  
  95  6:54  Overseer  
  95  6:59  Drone x4  
  95  7:00  Drone x2  
  101  7:03  Roach x4  
  109  7:10  Drone x4  
  109  7:11  Drone  
  109  7:12  Extractor  
  109  7:13  Extractor, Baneling Nest, Roach x3  
  109  7:14  Roach  
  119  7:16  Overlord  
  119  7:21  Queen  
  120  7:22  Overlord  
  120  7:23  Roach x2  
  120  7:24  Ravager x4  
  120  7:27  Roach  
  120  7:28  Roach x3  
  136  7:35  Overlord  
  138  7:37  Roach x7  
  138  7:42  Roach x2  
  138  7:44  Overlord  
  153  7:51  Roach x4  
  158  8:02  Roach  
  158  8:03  Roach x7  
  170  8:08  Overlord  
  170  8:09  Zergling x2  
  170  8:10  Zergling x20  
  181  8:13  Centrifugal Hooks  
  181  8:21  Spore Crawler  
  181  8:22  Zerg Missile Weapons Level 2  
  180  8:27  Roach  
  180  8:28  Roach x4, Overlord x2  
  180  8:32  Baneling x4  
  190  8:40  Baneling x5  
  190  8:45  Overlord  
  192  8:48  Roach x5  
  192  8:50  Baneling  
  192  8:51  Overlord  
  199  8:59  Roach  
  196  9:07  Roach x7  
  199  9:10  Zergling x2  
  199  9:15  Infestation Pit  
  195  9:21  Baneling x9  
  195  9:27  Zergling x10  
  200  9:39  Extractor  
  199  9:46  Hatchery  
  199  9:51  Zergling x8  
  199  9:53  Hive  
  199  9:55  Spire  
  191  10:07  Zergling x2  
  191  10:08  Zergling x18  
  188  10:16  Zergling x30  
  188  10:19  Zergling x2  
  188  10:20  Zergling x24  
  195  10:28  Roach x8  
  186  10:37  Ravager x5  
  186  10:38  Zerg Melee Weapons Level 1, Roach x4  
  199  10:52  Baneling  
  199  10:53  Baneling x13  
  199  10:55  Baneling  
  199  10:59  Baneling  
  199  11:00  Baneling x3  
  194  11:14  Zergling x50  
  188  11:24  Adrenal Glands  
  167  11:26  Roach x2  
  167  11:27  Roach x4  
  148  11:34  Drone  
  148  11:35  Drone x12  
  151  11:46  Roach  
  159  11:47  Roach x8  
  158  11:55  Roach x4  
  158  12:00  Drone x6  
  171  12:08  Zergling x12  
  176  12:19  Roach x7  
  190  12:27  Zergling x16  
  198  12:35  Zergling x2  
  198  12:36  Zergling x8  
  196  12:47  Zergling x12  
  196  12:48  Zergling x2  
  193  13:13  Zergling x18  
  190  13:20  Zergling x2  
  190  13:21  Zergling x24  
  190  13:27  Zergling x4  
  190  13:28  Zergling x10  
  193  13:38  Zergling x2  
  193  13:39  Zergling x12  
  194  13:43  Roach  
  194  13:44  Roach x2  
  175  13:56  Roach x7  
  160  14:07  Roach  
  160  14:08  Roach x5  
  167  14:17  Roach x6  
  176  14:25  Roach x3  
  176  14:26  Hatchery  
  181  14:32  Zergling x2  
  181  14:33  Zergling x2  
  183  14:40  Baneling x8  
  183  14:42  Ravager x17  
  187  15:20  Zergling x36  
  177  15:32  Roach x8  
  186  15:36  Roach  
  186  15:37  Roach x4  
  196  15:45  Roach x2  
  195  16:09  Baneling x16  
  195  16:10  Baneling x9  
  193  16:14  Baneling  
  193  16:15  Baneling x5  
  193  16:20  Zergling x2, Spore Crawler  
  193  16:21  Zergling x14  
  200  16:28  Spore Crawler  
  200  16:29  Spore Crawler x2  
  192  16:42  Zergling x16  
  191  17:08  Zergling x2  
  191  17:09  Zergling x18  
  197  17:24  Zergling x2  
  197  17:25  Zergling x14  
  189  17:32  Zergling x2  
  189  17:33  Zergling x18  
  199  17:41  Hatchery  
  192  17:48  Zergling x2  
  192  17:49  Zergling x14  
  171  17:58  Drone x4  
  153  18:03  Zergling x2  
  148  18:15  Zergling x2  
  148  18:16  Zergling x10  
  138  18:23  Zergling x2  
  138  18:24  Spore Crawler  
  130  18:29  Zergling x6  
  130  18:32  Zergling x2  
  134  18:40  Zergling x6  
  126  18:49  Queen x4  
  126  18:50  Zergling x4  
  126  18:58  Roach  
  126  18:59  Roach x8  
  130  19:04  Roach x5  
  136  19:15  Roach  
  136  19:16  Roach x4  
  145  19:36  Zergling x2  
  145  19:37  Zergling x2  
  146  19:43  Drone x2  
  147  19:50  Zergling x8  
  140  19:57  Zergling x8  
  140  19:58  Zergling x2  
  139  20:08  Zergling x6  
  139  20:09  Zergling x10  
  141  20:16  Baneling x8  
  137  20:26  Zergling x12  
  143  20:35  Zergling x10  
  118  20:57  Zergling x2  
  118  20:58  Zergling x16  
  109  21:08  Zergling x2  
  109  21:09  Zergling x6  
  108  21:20  Zergling x6  
Show
View Real Time Build Order
Export as new Build Order

ShaDoWn Protoss - Winner!

Build Orders: 1 Gate Expand, Oracle Opening, Archon Immortal 

Get SALT Encoding   

  12  0:00  Probe  
  13  0:13  Pylon  
  13  0:18  Probe  
  14  0:30  Probe (Chrono Boost)  
  15  0:40  Probe (Chrono Boost)  
  15  0:41  Gateway  
  16  0:45  Probe (Chrono Boost)  
  17  0:53  Assimilator  
  17  0:56  Probe  
  18  1:09  Probe  
  19  1:21  Probe  
  20  1:27  Nexus  
  20  1:37  Cybernetics Core  
  20  1:40  Probe  
  21  1:47  Assimilator  
  21  1:52  Probe  
  22  1:56  Pylon  
  22  2:05  Probe  
  23  2:11  Adept (Chrono Boost)  
  25  2:17  Probe  
  25  2:21  Stargate  
  26  2:29  Probe  
  27  2:31  Adept (Chrono Boost)  
  27  2:35  Warp Gate  
  29  2:39  Probe (Chrono Boost)  
  31  2:47  Probe (Chrono Boost)  
  31  2:50  Probe (Chrono Boost)  
  32  2:54  Probe (Chrono Boost), Adept  
  32  2:55  Probe (Chrono Boost)  
  36  3:05  Oracle (Chrono Boost), Probe  
  37  3:06  Probe  
  41  3:13  Pylon  
  41  3:17  Probe  
  41  3:19  Probe  
  43  3:29  Probe  
  43  3:31  Probe  
  45  3:38  Gateway  
  45  3:40  Adept  
  45  3:41  Probe  
  45  3:43  Probe  
  45  3:45  Oracle (Chrono Boost)  
  48  3:53  Probe  
  48  3:54  Pylon  
  48  3:55  Probe  
  50  4:06  Probe  
  50  4:07  Probe  
  51  4:18  Probe  
  51  4:19  Oracle (Chrono Boost), Probe  
  51  4:23  Stalker  
  58  4:24  Nexus  
  58  4:27  Pylon  
  58  4:29  Assimilator  
  58  4:30  Assimilator, Probe  
  59  4:31  Probe  
  60  4:42  Probe  
  60  4:43  Probe, Forge  
  62  4:46  Robotics Facility  
  62  4:54  Probe  
  62  4:56  Probe  
  64  5:06  Probe  
  65  5:08  Probe  
  66  5:14  Twilight Council  
  66  5:17  Gateway  
  66  5:18  Gateway, Probe (Chrono Boost)  
  66  5:20  Probe (Chrono Boost)  
  66  5:21  Protoss Ground Weapons Level 1 (Chrono Boost)  
  68  5:22  Shield Battery  
  68  5:30  Probe (Chrono Boost)  
  68  5:32  Probe (Chrono Boost)  
  68  5:33  Pylon  
  70  5:36  Probe (Chrono Boost), Pylon  
  70  5:38  Probe x2 (Chrono Boost)  
  70  5:40  Assimilator, Pylon  
  73  5:42  Assimilator  
  73  5:45  Probe  
  73  5:49  Probe  
  75  5:50  Probe  
  76  5:57  Probe  
  76  6:01  Probe  
  76  6:02  Probe  
  75  6:09  Gateway  
  75  6:10  Probe  
  75  6:11  Gateway, Templar Archives, Charge  
  76  6:13  Gateway, Probe  
  76  6:16  Gateway  
  76  6:17  Sentry, Zealot  
  76  6:18  Zealot, Gateway  
  83  6:19  Warp Prism (Chrono Boost)  
  83  6:21  Gateway  
  85  6:31  Nexus  
  85  6:34  Pylon  
  85  6:38  Templar Archives  
  86  6:40  Probe  
  86  6:41  Stalker  
  86  6:44  Probe x2  
  90  6:52  Probe  
  90  6:53  High Templar x2  
  95  6:54  Zealot  
  95  6:56  Shield Battery, Probe  
  95  6:57  Probe  
  95  6:58  Photon Cannon  
  95  7:01  Archon  
  99  7:10  Zealot x4  
  99  7:11  Probe x2  
  99  7:13  Probe  
  110  7:20  Zealot x3  
  116  7:26  Pylon  
  116  7:28  Pylon x2  
  116  7:30  Protoss Ground Weapons Level 2 (Chrono Boost)  
  116  7:33  Probe  
  117  7:43  Probe x2  
  119  7:45  High Templar x2, Zealot x6  
  119  7:46  Zealot x2  
  119  7:47  Probe  
  119  7:49  Assimilator x2, Probe  
  119  7:50  Archon  
  139  7:55  Probe  
  136  7:59  Probe  
  136  8:02  Immortal (Chrono Boost)  
  136  8:04  Probe  
  136  8:05  Probe  
  135  8:08  Probe  
  135  8:10  Robotics Facility  
  134  8:18  Photon Cannon  
  134  8:19  Photon Cannon x2  
  134  8:20  Photon Cannon  
  134  8:23  Psionic Storm  
  126  8:34  High Templar  
  126  8:35  High Templar  
  126  8:40  Nexus  
  126  8:41  Pylon  
  128  8:48  Photon Cannon  
  128  8:50  Zealot x2, Pylon  
  128  8:52  Zealot  
  128  8:53  Photon Cannon  
  134  8:59  Stalker x2  
  134  9:00  Stalker x3  
  144  9:04  Immortal (Chrono Boost)  
  144  9:06  Immortal (Chrono Boost)  
  144  9:09  High Templar  
  146  9:13  Shield Battery  
  146  9:14  Probe  
  146  9:15  Photon Cannon, Probe x2  
  146  9:16  Photon Cannon  
  147  9:25  High Templar, Assimilator  
  147  9:29  Assimilator, Pylon  
  149  9:32  Photon Cannon  
  149  9:33  Photon Cannon  
  149  9:34  Warp Prism (Chrono Boost)  
  149  9:35  High Templar  
  149  9:37  Photon Cannon  
  153  9:40  Immortal (Chrono Boost)  
  153  9:44  Pylon  
  157  9:47  Gateway  
  157  9:48  Pylon  
  157  9:49  Gateway  
  157  9:54  High Templar  
  159  10:00  Zealot x7  
  153  10:20  Zealot x3  
  155  10:23  Zealot x2, Probe  
  158  10:29  Nexus  
  158  10:35  High Templar x2  
  162  10:37  High Templar x2  
  166  10:43  Archon x2  
  166  10:44  High Templar x2, Pylon  
  166  10:45  Zealot x4  
  166  10:47  Gateway  
  166  10:48  Gateway  
  178  10:52  Protoss Ground Weapons Level 3 (Chrono Boost)  
  178  10:53  Archon, Photon Cannon  
  178  10:55  Photon Cannon  
  178  10:56  Shield Battery  
  178  10:58  Photon Cannon  
  178  10:59  Photon Cannon, Pylon  
  176  11:14  Zealot x4  
  180  11:19  Zealot x4  
  168  11:32  Probe  
  167  11:34  Zealot x4  
  167  11:35  Zealot  
  171  11:40  Shield Battery  
  171  11:43  Zealot x5, Pylon  
  171  11:44  Zealot  
  171  11:45  Shield Battery  
  171  11:46  Photon Cannon  
  177  11:47  Photon Cannon  
  177  11:50  Observer  
  174  11:56  Fleet Beacon  
  174  11:59  Zealot x2  
  166  12:05  High Templar x6  
  172  12:10  Nexus, Archon x2  
  170  12:20  Nexus  
  170  12:21  Archon, Pylon  
  170  12:22  High Templar x2, Zealot x4  
  182  12:28  Archon  
  174  12:37  Photon Cannon  
  174  12:41  Photon Cannon  
  174  12:42  High Templar x2  
  174  12:43  High Templar x2, Zealot x6  
  179  12:55  Shield Battery  
  179  12:57  Photon Cannon  
  179  12:58  Photon Cannon  
  179  13:00  Photon Cannon  
  179  13:02  Photon Cannon  
  179  13:03  Photon Cannon  
  175  13:06  Archon, Shield Battery  
  173  13:12  Stalker x3  
  173  13:13  Stalker x4  
  162  13:21  Assimilator  
  162  13:22  Archon  
  162  13:24  Zealot x4, Assimilator  
  141  13:28  Probe  
  141  13:32  Probe x2  
  130  13:36  Probe x2  
  130  13:40  Probe  
  129  13:42  High Templar x3  
  129  13:43  High Templar  
  129  13:44  Zealot x4, Probe  
  129  13:45  Probe  
  147  13:49  Archon x2, Stalker  
  147  13:50  Zealot, Probe  
  146  13:57  Archon  
  146  14:00  Probe  
  119  14:02  Immortal (Chrono Boost)  
  119  14:03  Probe  
  119  14:05  High Templar x2  
  119  14:07  Immortal (Chrono Boost)  
  112  14:37  Immortal (Chrono Boost)  
  116  14:39  High Templar  
  116  14:40  Immortal (Chrono Boost)  
  116  14:41  Nexus  
  122  14:46  Probe (Chrono Boost)  
  123  14:54  High Templar x2  
  123  14:55  High Templar  
  123  14:56  Probe (Chrono Boost)  
  123  14:57  Pylon  
  130  15:09  Archon  
  130  15:12  Immortal  
  130  15:13  Zealot x3  
  142  15:17  Stalker x4  
  142  15:18  Void Ray  
  138  15:34  Zealot x5, Probe  
  141  15:41  Zealot x3  
  145  15:47  Protoss Shields Level 1 (Chrono Boost)  
  137  15:59  Nexus  
  137  16:00  Shield Battery, Pylon  
  135  16:05  Assimilator  
  135  16:07  Warp Prism  
  135  16:09  Assimilator  
  135  16:10  Probe (Chrono Boost)  
  132  16:21  Immortal (Chrono Boost)  
  136  16:29  High Templar  
  137  16:33  Pylon  
  132  16:42  Zealot x8  
  152  16:50  Immortal (Chrono Boost), Stalker  
  154  17:01  Immortal (Chrono Boost)  
  154  17:04  High Templar  
  154  17:07  Gateway  
  158  17:09  Photon Cannon  
  158  17:29  Immortal  
  144  17:49  Archon  
  144  17:51  Immortal  
  134  17:52  High Templar x2  
  134  17:53  High Templar x3  
  124  18:01  Void Ray (Chrono Boost)  
  112  18:08  Zealot x6, Immortal (Chrono Boost)  
  103  18:28  Zealot x10  
  123  18:37  Immortal (Chrono Boost)  
  127  18:43  Immortal (Chrono Boost)  
  127  18:44  Void Ray  
  115  19:00  High Templar x2  
  119  19:16  Immortal  
  119  19:36  Nexus  
  117  19:47  Immortal (Chrono Boost)  
  120  20:09  High Templar x2  
  120  20:10  High Templar x4  
  120  20:13  Archon  
  120  20:14  Archon  
  132  20:15  Archon  
  132  20:16  Zealot  
  126  20:23  Immortal (Chrono Boost)  
  118  20:35  Pylon  
  98  21:04  Immortal  
Tags
 
Add a new tag
Caveats
  • Supply blocks, unpowered buildings, or Contaminate may cause inaccurate times.
  • Supply counts are checked every 10 seconds.